Map: King Sejong Station LE

Players

Fropez

  • Race: Protoss Protoss
  • League: Gold
  • Spawn Location: 5:00

Hayk - Winner!

  • Race: Zerg Zerg
  • League: Platinum
  • Spawn Location: 11:00

VOD

Have the link to the VOD?

Description

Time

  • Played on: Oct. 26, 2016, 5:53 p.m.
  • Length: 16:34
Show
View Real Time Build Order
Export as new Build Order

Fropez Protoss 

Build Orders: Nexus First 

Get SALT Encoding   

  12  0:01  Probe (Chrono Boost)  
  13  0:15  Pylon  
  13  0:17  Probe (Chrono Boost)  
  14  0:50  Nexus  
  14  0:56  Probe (Chrono Boost)  
  15  1:07  Probe (Chrono Boost)  
  15  1:10  Gateway  
  16  1:17  Probe (Chrono Boost)  
  17  1:28  Probe (Chrono Boost)  
  17  1:30  Pylon  
  18  1:32  Assimilator  
  18  1:40  Probe (Chrono Boost)  
  19  1:49  Pylon  
  19  1:51  Probe (Chrono Boost)  
  20  2:12  Probe (Chrono Boost)  
  20  2:13  Probe (Chrono Boost)  
  22  2:19  Cybernetics Core  
  22  2:30  Gateway  
  22  2:31  Gateway  
  22  2:33  Pylon  
  22  2:35  Probe (Chrono Boost)  
  22  2:38  Assimilator  
  22  2:40  Probe (Chrono Boost)  
  23  2:54  Gateway  
  23  2:57  Mothership Core (Chrono Boost)  
  25  2:59  Warp Gate (Chrono Boost)  
  25  3:08  Gateway  
  19  3:28  Probe x2 (Chrono Boost)  
  19  3:31  Adept x2  
  25  3:37  Probe  
  25  3:39  Probe  
  27  3:48  Adept  
  29  3:53  Adept  
  31  3:57  Probe  
  31  3:59  Probe  
  33  4:09  Probe  
  34  4:11  Adept  
  36  4:31  Probe x2  
  37  4:34  Twilight Council  
  38  4:41  Pylon  
  38  4:43  Probe  
  39  4:58  Adept x2  
  39  4:59  Adept  
  45  5:00  Adept  
  45  5:06  Probe, Assimilator  
  48  5:08  Probe  
  48  5:12  Resonating Glaives (Chrono Boost)  
  49  5:18  Probe  
  50  5:39  Adept x4  
  50  5:40  Adept  
  60  5:50  Pylon, Probe  
  60  5:52  Pylon  
  51  6:06  Adept  
  51  6:07  Adept x2  
  57  6:17  Forge  
  57  6:18  Probe  
  57  6:19  Probe  
  59  6:30  Adept  
  61  6:35  Adept  
  63  6:48  Probe  
  63  6:50  Adept x3  
  70  6:55  Protoss Ground Weapons Level 1 (Chrono Boost)  
  70  7:01  Blink (Chrono Boost)  
  70  7:04  Probe x2  
  72  7:12  Stalker  
  74  7:21  Photon Cannon  
  74  7:29  Pylon  
  60  8:01  Stalker  
  60  8:02  Stalker x4  
  66  8:05  Assimilator  
  66  8:07  Photon Cannon  
  66  8:08  Gateway  
  66  8:10  Probe  
  66  8:11  Probe  
  68  8:20  Probe  
  68  8:21  Protoss Ground Weapons Level 2 (Chrono Boost)  
  68  8:22  Pylon  
  68  8:23  Probe  
  70  8:31  Probe  
  70  8:34  Stalker x2  
  75  8:41  Probe  
  75  8:43  Pylon  
  75  8:44  Pylon  
  76  8:55  Probe x2  
  78  9:03  Robotics Facility  
  78  9:04  Stalker x3  
  81  9:45  Stalker x5  
  87  9:50  Observer  
  92  10:04  Gateway  
  92  10:11  Warp Prism  
  92  10:12  Gateway x2  
  90  10:28  Nexus, Pylon  
  78  10:29  Pylon  
  78  10:32  Assimilator  
  78  10:34  Probe x2  
  76  10:38  Assimilator  
  76  10:39  Pylon  
  76  10:43  Pylon, Stalker x3  
  76  10:49  Protoss Ground Armor Level 1  
  80  11:05  Immortal  
  84  11:13  Probe x2  
  84  11:17  Photon Cannon  
  86  11:22  Gateway x2  
  86  11:31  Photon Cannon  
  86  11:36  Photon Cannon  
  86  11:39  Probe  
  86  11:40  Probe x2  
  89  11:49  Immortal  
  93  11:56  Adept  
  95  12:16  Templar Archives  
  95  12:17  Adept x4  
  95  12:19  Adept  
  105  12:27  Adept x3  
  105  12:28  Adept, Protoss Shields Level 1  
  99  12:57  Stalker  
  99  12:58  Stalker  
  97  13:06  Adept x3  
  97  13:07  Adept x2  
  107  13:16  Gateway  
  107  13:17  Probe x2  
  107  13:21  Stalker x3  
  107  13:22  Stalker  
  105  13:32  Stalker x2  
  105  13:33  Stalker x2  
  93  13:47  Stalker x3  
  77  13:53  Photon Cannon  
  73  14:07  Stalker x3  
  71  14:21  Pylon  
  71  14:24  Pylon  
  69  14:27  High Templar x5  
  69  14:28  High Templar x2  
  81  14:33  Archon x3  
  72  14:44  Probe  
  72  14:45  Probe x2  
  75  14:59  Probe  
  75  15:01  Probe x2  
  75  15:03  Assimilator  
  78  15:17  High Templar x3  
  78  15:18  High Templar  
  86  15:21  Archon  
  86  15:22  Archon  
  86  15:27  Stalker  
  88  15:37  Pylon  
  88  15:46  High Templar  
  88  15:47  High Templar x4  
  98  15:51  Archon x2  
  96  16:07  High Templar x4  
  104  16:12  Archon x2  
  88  16:24  High Templar  
Show
View Real Time Build Order
Export as new Build Order

Hayk Zerg - Winner!

Build Orders: Hatch First 

Get SALT Encoding   

  12  0:00  Drone  
  13  0:12  Overlord  
  13  0:17  Drone  
  14  0:30  Drone x2  
  14  0:34  Drone  
  17  0:52  Hatchery  
  17  0:56  Drone  
  17  1:01  Drone  
  18  1:14  Spawning Pool  
  18  1:17  Extractor  
  16  1:19  Drone  
  16  1:20  Drone  
  18  1:28  Drone  
  19  1:43  Drone  
  20  2:02  Zergling x2  
  20  2:03  Zergling x2  
  20  2:04  Queen x2  
  20  2:05  Overlord  
  26  2:18  Drone x2  
  28  2:25  Metabolic Boost  
  28  2:45  Drone x5  
  28  2:49  Queen  
  28  2:50  Overlord  
  35  2:58  Drone  
  36  3:00  Overlord  
  36  3:10  Drone x2  
  38  3:19  Zergling x2, Drone x3  
  42  3:20  Zergling x2  
  41  3:29  Zergling x2  
  41  3:32  Queen  
  44  3:37  Drone  
  44  3:38  Drone  
  44  3:41  Extractor  
  45  3:42  Drone x2  
  45  3:46  Roach Warren  
  45  3:48  Drone  
  47  4:07  Drone x4  
  51  4:10  Evolution Chamber, Lair  
  50  4:18  Drone x2  
  50  4:19  Overlord x2  
  52  4:26  Hatchery  
  51  4:35  Pneumatized Carapace  
  51  4:38  Extractor  
  50  4:41  Zerg Ground Armor Level 1  
  50  4:49  Spore Crawler  
  50  4:51  Spore Crawler  
  50  4:52  Drone x2  
  50  4:53  Drone x2  
  52  5:03  Drone x3  
  55  5:09  Zergling x6  
  58  5:18  Queen  
  60  5:25  Roach  
  60  5:26  Roach x2  
  64  5:29  Zergling x2  
  64  5:30  Zergling x4  
  67  5:40  Queen  
  67  5:42  Roach x2  
  73  5:47  Overlord  
  72  6:01  Drone  
  72  6:02  Drone x2  
  73  6:07  Glial Reconstitution  
  73  6:10  Overlord  
  73  6:17  Roach  
  73  6:18  Zergling x4, Roach x2  
  80  6:20  Overlord  
  81  6:31  Drone  
  81  6:32  Drone x4  
  86  6:33  Overseer  
  86  6:36  Zerg Missile Weapons Level 1  
  86  6:40  Drone x4  
  90  6:51  Overlord  
  90  6:52  Zergling x4, Drone  
  90  6:53  Drone  
  94  6:54  Spore Crawler  
  94  6:58  Evolution Chamber  
  92  7:28  Drone x2  
  96  7:30  Zergling x6, Roach x4  
  96  7:31  Overlord  
  99  7:47  Zergling x2, Roach x2  
  99  7:48  Zergling x4, Roach x2  
  103  8:00  Drone  
  103  8:05  Zerg Ground Armor Level 2  
  103  8:16  Extractor, Zergling x4, Roach x3  
  103  8:17  Drone, Roach  
  103  8:18  Overlord  
  113  8:30  Hatchery  
  112  8:37  Zerg Missile Weapons Level 2  
  112  8:40  Drone x3  
  115  8:41  Infestation Pit  
  114  9:06  Drone x2  
  114  9:07  Drone x5  
  114  9:08  Overlord x3  
  114  9:09  Overlord x2  
  121  9:23  Overlord  
  121  9:26  Hive  
  118  9:49  Drone x2  
  118  9:50  Drone x5  
  125  9:59  Drone x2  
  128  10:00  Zergling x4, Drone, Roach x2  
  128  10:01  Zergling x4, Roach x4  
  144  10:13  Overlord  
  124  10:29  Roach x5  
  124  10:30  Zergling x2, Roach x5  
  139  10:42  Zergling x2  
  136  10:43  Zergling x8, Roach x2  
  140  10:53  Zergling x4, Drone x2  
  140  10:54  Roach  
  144  11:17  Zergling x4, Roach  
  144  11:18  Zergling x4, Roach x2  
  154  11:23  Hatchery  
  153  11:26  Zerg Ground Armor Level 3, Zerg Missile Weapons Level 3  
  153  11:32  Ravager x3  
  156  11:37  Extractor  
  156  11:38  Drone  
  156  11:39  Extractor, Overlord, Drone x2  
  157  11:58  Extractor  
  157  11:59  Drone x2  
  157  12:00  Extractor, Overlord, Drone x2  
  159  12:17  Drone x5  
  164  12:26  Overlord  
  164  12:35  Drone x5  
  164  12:36  Drone x2  
  171  12:42  Queen  
  159  13:12  Hydralisk Den  
  154  13:28  Zergling x6, Roach  
  149  13:40  Zergling x4, Roach x2  
  138  14:07  Hydralisk  
  138  14:08  Hydralisk x3, Zergling x2, Roach  
  138  14:09  Hydralisk, Zergling x8, Roach x2  
  157  14:15  Muscular Augments  
  151  14:28  Hatchery  
  127  15:00  Hydralisk x3, Zergling x6, Roach x3  
  127  15:01  Hydralisk x2, Zergling x8, Roach x2  
  127  15:02  Hydralisk x4, Zergling x4, Roach x2  
  127  15:03  Hydralisk x2, Zergling x10, Roach x2  
  127  15:06  Drone x2  
  181  15:07  Drone x3  
  181  15:11  Queen  
  186  15:30  Ravager  
  186  15:31  Ravager x8  
  186  15:32  Ravager x5  
  200  15:54  Extractor, Baneling Nest  
  200  15:56  Extractor  
Tags
 
Add a new tag
Caveats
  • Supply blocks, unpowered buildings, or Contaminate may cause inaccurate times.
  • Supply counts are checked every 10 seconds.